 Dungeon Sprint DCSS version 0.28.0 (webtiles) character file.

Game seed: 3747219323766871502

2520 boopmooplesden the Carver (level 9, -1/85 HPs)
             Began as a Minotaur Fighter on Feb 5, 2022.
             Was an Elder of Okawaru.
             Killed from afar by an oklob sapling (18 damage)
             ... with a splash of acid
             ... in the Dungeon (Sprint IV: "Fedhas' Mad Dash").
             The game lasted 00:06:31 (1815 turns).

boopmooplesden the Carver (Minotaur Fighter)        Turns: 1815, Time: 00:06:31

Health: -1/85      AC:  0    Str: 24    XL:     9   Next: 29%
Magic:  4/9        EV: 19    Int:  5    God:    Okawaru [****..]
Gold:   11         SH:  7    Dex: 11    Spells: 8/8 levels left

rFire   x . .      SeeInvis +   a - +0 long sword
rCold   + . .      Faith    .   c - +0 buckler
rNeg    . . .      Spirit   .   l - +1 leather armour of Apathy {Regen+ SInv}
rPois   .          Reflect  .   (helmet restricted)
rElec   .          Harm     .   (no cloak)
rCorr   .          Rampage  .   (no gloves)
Will    .....      NoTele   +   p - +0 pair of boots
Stlth   +++++.....              d - amulet of invisibility {+Inv}
HPRegen 1.04/turn               m - +4 ring of evasion
MPRegen 0.11/turn               o - ring of ice

@: heroic, corroded, very slightly contaminated
A: horns 2, retaliatory headbutt
a: Renounce Religion, Evoke Invisibility, Heroism, Finesse


You were in the Dungeon.
You worshipped Okawaru.
Okawaru was greatly pleased with you.
You visited 1 branch You collected 849 gold pieces.
You spent 838 gold pieces at shops.

Inventory:

Hand Weapons
 a - a +0 long sword (weapon)
Armour
 b - a +0 scale mail
 c - a +0 buckler (worn)
 l - the +1 leather armour of Apathy (worn) {Regen+ SInv}
   (You found it in the Dungeon)

   SInv:      It lets you see invisible.
   Regen:     It increases your rate of health regeneration.
 p - a +0 pair of boots (worn)
 q - the +0 robe of the Weaver {SInv}
   (You found it in the Dungeon)

   SInv:      It lets you see invisible.
Jewellery
 d - the amulet of invisibility (around neck) {+Inv}
   (You found it in the Dungeon)

   [amulet of nothing]

   +Inv:      It lets you turn invisible.
 m - a +4 ring of evasion (left hand)
 o - a ring of ice (right hand)
Scrolls
 j - a scroll of vulnerability {unknown}
 n - a scroll of fear {unknown}
 r - a scroll of identify {unknown}
Potions
 e - 3 potions of curing
 f - 2 potions of heal wounds
 g - 2 potions of haste
 h - 2 potions of magic
 i - a potion of resistance
 k - 2 potions of berserk rage


   Skills:
 + Level 10.1(15.1) Fighting
 + Level 12.9(17.9) Long Blades
 + Level 11.9(16.9) Armour
 + Level 5.6(10.6) Dodging
 + Level 7.3(12.3) Stealth
 + Level 8.7(13.7) Shields
 + Level 1.6 Invocations
 + Level 7.1 Evocations


You had 8 spell levels left.
You didn't know any spells.
Your spell library was empty.

Dungeon Overview and Level Annotations

Branches:
Dungeon (1/1)

Altars:
Cheibriados
Dithmenos
Elyvilon
Gozag
Hepliaklqana
Kikubaaqudgha
Makhleb
Nemelex Xobeh
Okawaru
Qazlal
Ru
Sif Muna
Trog
Uskayaw
Vehumet
Wu Jian
Xom
Yredelemnul
Zin
The Shining One
Beogh
Jiyva
Lugonu

Shops:
D :!*:

Annotations:
D exclusion: oklob sapling


Innate Abilities, Weirdness & Mutations

You have a pair of horns on your head.
You reflexively headbutt those who attack you in melee.


Message History

You hit the oklob plant but do no damage.
The oklob plant is moderately damaged.
You catch the helpless oklob plant completely off-guard!
You hit the oklob plant.
The oklob plant is moderately damaged.
You feel much better.
You flicker back into view.
The oklob plant spits acid at you. The splash of acid misses you.
The oklob sapling spits acid at you. The splash of acid misses you.
You gain the combat prowess of a mighty hero.
The oklob sapling spits acid at you. The splash of acid misses you.
The oklob plant spits acid at you. The splash of acid hits you!!
You hit the oklob plant but do no damage.
You headbutt the oklob plant.
The oklob plant is heavily damaged.
You slash the oklob plant! You headbutt the oklob plant!
The oklob plant is almost destroyed.
You hit the oklob plant but do no damage.
The oklob plant is almost destroyed.
The oklob plant spits acid at you. The splash of acid hits you!!
* * * LOW HITPOINT WARNING * * *
You hit the oklob plant but do no damage.
The oklob plant is almost destroyed.
You slash the oklob plant!
You destroy the oklob plant!
Okawaru is honoured by your kill.
Your base Fighting skill increases to level 10!
Your base Stealth skill increases to level 7!
Your Evocations skill increases to level 7!
The wandering mushroom closely misses you.
You furiously retaliate!
You headbutt the wandering mushroom, but do no damage.
The oklob sapling spits acid at you. The splash of acid hits you!!
You die...

#....'.[...'.#)..'.._._._._._
#....#.....#.#...#..._._._._.
###############'##.._._._._._
#...♣.......†'...#._._._._._.
#......♣.....#...############
#.....♣..♣..######
##'####'######P|+
#[.#....'.......#
#..#..###...@.f.# #######
#########


You could see a wandering mushroom and an oklob sapling.

Vanquished Creatures
  2 oklob plants (D)
  A queen bee (D)
  3 burning bushes (D)
  2 wandering mushrooms (D)
  3 scorpions (D)
  4 killer bees (D)
  4 oklob saplings (D)
  2 spriggans (D)
  A river rat (D)
  A rat (D)
23 creatures vanquished.

Vanquished Creatures (others)
  7 fungi (D)
7 creatures vanquished.

Grand Total: 30 creatures vanquished

Notes
Turn   | Place    | Note
-------+----------+-------------------------------------------
     0 | D        | boopmooplesden the Minotaur Fighter began the quest for the
                  | Orb.
     0 | D        | Reached XP level 1. HP: 19/19 MP: 0/0
    33 | D        | Reached XP level 2. HP: 16/28 MP: 1/1
   162 | D        | Noticed an oklob sapling
   391 | D        | Noticed a scorpion
   391 | D        | Found the amulet of invisibility {+Inv}
   395 | D        | Killed a scorpion
   396 | D        | Reached skill level 3 in Long Blades
   396 | D        | Reached skill level 1 in Dodging
   396 | D        | Reached skill level 5 in Shields
   396 | D        | Reached XP level 3. HP: 28/37 MP: 2/2
   396 | D        | Reached XP level 4. HP: 33/44 MP: 3/3
   481 | D        | Reached skill level 4 in Long Blades
   630 | D        | Found an opulent altar of Gozag.
   630 | D        | Found a hazy altar of Hepliaklqana.
   630 | D        | Found a snail-covered altar of Cheibriados.
   631 | D        | Found a viscous altar of Jiyva.
   631 | D        | Found a burning altar of Makhleb.
   631 | D        | Found a sparkling altar of Nemelex Xobeh.
   631 | D        | Found a sacrificial altar of Ru.
   631 | D        | Found a shimmering blue altar of Sif Muna.
   631 | D        | Found a bloodstained altar of Trog.
   631 | D        | Found an ornate altar of the Wu Jian Council.
   631 | D        | Found a shimmering altar of Xom.
   631 | D        | Found a basalt altar of Yredelemnul.
   632 | D        | Found an iron altar of Okawaru.
   632 | D        | Found a shadowy altar of Dithmenos.
   632 | D        | Found a glowing silver altar of Zin.
   633 | D        | Found an ancient bone altar of Kikubaaqudgha.
   633 | D        | Found a hide-covered altar of Uskayaw.
   634 | D        | Found a stormy altar of Qazlal.
   634 | D        | Found a white marble altar of Elyvilon.
   634 | D        | Found a glowing golden altar of the Shining One.
   635 | D        | Found a corrupted altar of Lugonu.
   635 | D        | Found a radiant altar of Vehumet.
   643 | D        | Reached skill level 1 in Stealth
   643 | D        | Reached skill level 1 in Evocations
   643 | D        | Reached XP level 5. HP: 37/52 MP: 2/4
   645 | D        | Became a worshipper of Warmaster Okawaru
   859 | D        | Reached skill level 5 in Long Blades
  1090 | D        | Reached skill level 6 in Long Blades
  1092 | D        | Reached XP level 6. HP: 61/61 MP: 5/5
  1099 | D        | Found Zaxi's Distillery.
  1099 | D        | Found Fewywk's Book Emporium.
  1107 | D        | Noticed a burning bush
  1107 | D        | Noticed a wandering mushroom
  1111 | D        | Noticed a wandering mushroom
  1112 | D        | Reached skill level 7 in Long Blades
  1127 | D        | Killed a wandering mushroom
  1127 | D        | Reached * piety under Okawaru
  1128 | D        | Reached skill level 10 in Armour
  1128 | D        | Reached XP level 7. HP: 54/68 MP: 6/6
  1133 | D        | Killed a wandering mushroom
  1134 | D        | Reached skill level 8 in Long Blades
  1149 | D        | Killed a burning bush
  1149 | D        | Reached ** piety under Okawaru
  1150 | D        | Reached skill level 9 in Long Blades
  1150 | D        | Reached skill level 5 in Stealth
  1150 | D        | Reached skill level 5 in Evocations
  1481 | D        | Identified a scroll of acquirement
  1481 | D        | Acquired 697 gold pieces
  1491 | D        | Bought a potion of heal wounds for 65 gold pieces
  1491 | D        | Bought a potion of heal wounds for 65 gold pieces
  1491 | D        | Bought a potion of resistance for 130 gold pieces
  1491 | D        | Bought 2 potions of berserk rage for 130 gold pieces
  1498 | D        | Found Midos's Assorted Antiques.
  1499 | D        | Found Juickia's Book Emporium.
  1502 | D        | Identified the +1 leather armour of Apathy {Regen+ SInv}
  1516 | D        | Bought a jade ring for 90 gold pieces
  1516 | D        | Bought a scroll labelled FIWIUX WUELY for 18 gold pieces
  1516 | D        | Bought a wooden ring for 90 gold pieces
  1516 | D        | Bought a pair of boots for 81 gold pieces
  1562 | D        | Noticed a queen bee
  1580 | D        | Reached XP level 8. HP: 57/75 MP: 4/7
  1582 | D        | Killed a queen bee
  1582 | D        | Reached *** piety under Okawaru
  1583 | D        | Reached skill level 10 in Long Blades
  1609 | D        | Noticed an oklob plant
  1616 | D        | Noticed a burning bush
  1628 | D        | Killed a burning bush
  1630 | D        | Identified the +0 robe of the Weaver {SInv}
  1658 | D        | Killed an oklob plant
  1659 | D        | Reached skill level 11 in Long Blades
  1659 | D        | Reached skill level 5 in Dodging
  1659 | D        | Reached skill level 1 in Invocations
  1723 | D        | Bought a potion of haste for 130 gold pieces
  1723 | D        | Bought a potion of curing for 39 gold pieces
  1756 | D        | Noticed a burning bush
  1756 | D        | Noticed an oklob plant
  1780 | D        | Noticed a wandering mushroom
  1787 | D        | Killed a burning bush
  1787 | D        | Reached **** piety under Okawaru
  1788 | D        | Reached skill level 12 in Long Blades
  1788 | D        | Reached XP level 9. HP: 85/85 MP: 3/8
  1813 | D        | Killed an oklob plant
  1814 | D        | Reached skill level 10 in Fighting
  1815 | D        | Killed from afar by an oklob sapling

Illustrated notes

Levels and vault maps discovered:
D:        dungeon_sprint_fedhas [sprint_temple]

Skill      XL: |  1  2  3  4  5  6  7  8  9 |
---------------+----------------------------+-----
Fighting       | 4 6 7 8 9 10 | 10.1
Armour         | 4 6 7 9 10 11 | 11.9
Shields        | 4 5 6 7 8 |  8.7
Long Blades    | 3 4 6 7 9 12 | 12.9
Dodging        | 1 2 3 4 5 |  5.6
Stealth        | 1 3 4 5 6 7 |  7.3
Evocations     | 1 3 4 5 6 7 |  7.1
Invocations    | 1 |  1.6

Action                   |  1- 3 |  4- 6 |  7- 9 || total
-------------------------+-------+-------+-------++-------
Melee: Long sword        |    28 |    26 |    64 ||   118
       Headbutt          |     6 |     9 |    21 ||    36
Invok: Heroism           |       |       |     4 ||     4
 Abil: Evoke Invisibilit |       |     4 |     2 ||     6
  Use: Potion            |     1 |     1 |     1 ||     3
       Scroll            |     1 |       |     1 ||     2
 Stab: Invisible         |       |     5 |     4 ||     9
       Sleeping          |       |       |     2 ||     2
Armor: Scale mail        |     7 |     1 |     1 ||     9
       Leather armour    |       |       |     2 ||     2
Dodge: Dodged            |    14 |     7 |    24 ||    45
Block: Buckler           |     6 |     2 |     8 ||    16
